 Dungeon Crawl Stone Soup version 0.28.0-45-g0d030f2227 (webtiles) character file.

Game seed: 3314093439019427420

589099 protoss039 the Sorcerer (level 27, -4/182 HPs)
             Began as a Gargoyle Earth Elementalist on May 3, 2022.
             Was the Champion of Vehumet.
             Slain by a quicksilver dragon (11 damage)
             ... on level 4 of the Realm of Zot on May 5, 2022.
             The game lasted 05:49:33 (88154 turns).

protoss039 the Sorcerer (GrEE)                     Turns: 88154, Time: 05:49:34

Health: -4/182     AC: 44    Str: 19    XL:     27
Magic:  15/60      EV: 10    Int: 42    God:    Vehumet [******]
Gold:   4045       SH: 14    Dex: 12    Spells: 15/74 levels left

rFire   + . .      SeeInvis +   d - +4 spear of Infinite Pain {speed, rF- MP+9 Int+7}
rCold   + . .      Faith    .   P - +1 kite shield {rC+}
rNeg    + + .      Spirit   .   p - +1 ring mail of the Okapi {rF+ Int+3}
rPois   ∞          Reflect  .   v - +3 helmet "Mubuk" {+Blink Stlth+}
rElec   +          Harm     .   i - +2 cloak {Will+}
rCorr   +          Rampage  .   y - +0 pair of gloves of the Pleiades {Will+}
Will    +++++                   C - +2 pair of boots {Fly}
Stlth   +.........              h - amulet "Moigiod" {RegenMP rF+ Dex+2}
HPRegen 0.40/turn               W - ring "Fotowaod" {Contam rN+ rCorr Str+6 Int+3}
MPRegen 0.77/turn               z - ring "Uxohaer" {Fly rPois Will+ Str-2 SInv}

@: flying, contaminated, glowing, studying 2 skills, unable to read
A: sickness immunity, AC +20, big wings, negative energy resistance 1,
electricity resistance, torment resistance 1, petrification resistance,
deterioration 2, strong 1, wild magic 1, inability to read while threatened
}: 3/15 runes: decaying, silver, gossamer
a: Renounce Religion, Evoke Blink


You were on level 4 of the Realm of Zot.
You worshipped Vehumet.
Vehumet was exalted by your worship.
You visited 11 branches of the dungeon, and saw 51 of its levels.
You also visited: Ice Cave and Volcano.

You collected 9163 gold pieces.
You spent 5118 gold pieces at shops.

Inventory:

Hand Weapons
 d - the +4 spear of Infinite Pain (weapon) {speed, rF- MP+9 Int+7}
   (You found it on level 3 of the Swamp)

   Attacks with this weapon are significantly faster.
   Int:       It affects your intelligence (+7).
   rF:        It makes you vulnerable to fire.
   MP:        It affects your magic capacity (+9).
Missiles
 c - 1532 stones
 w - 11 throwing nets
Armour
 b - +0 gold dragon scales
 g - a +1 pair of gloves of strength
 i - a +2 cloak of willpower (worn)
 p - the +1 ring mail of the Okapi (worn) {rF+ Int+3}
   (You found it on level 3 of the Spider Nest)

   Int:       It affects your intelligence (+3).
   rF:        It protects you from fire.
 v - the +3 helmet "Mubuk" (worn) {+Blink Stlth+}
   (You bought it in a shop on level 2 of the Orcish Mines)

   +Blink:    It lets you blink.
   Stlth:     It makes you more stealthy.
 y - the +0 pair of gloves of the Pleiades (worn) {Will+}
   (You found it in an ice cave)

   Will:      It increases your willpower.
 C - a +2 pair of boots of flying (worn)
 P - a +1 kite shield of cold resistance (worn)
Magical Staves
 j - a staff of earth
 t - a staff of fire
Jewellery
 e - the ring "Buvune" {rN+ Str+6 Int+3}
   (You found it on level 3 of the Crypt)

   [ring of positive energy]

   Str:       It affects your strength (+6).
   Int:       It affects your intelligence (+3).
   rN:        It protects you from negative energy.
 h - the amulet "Moigiod" (around neck) {RegenMP rF+ Dex+2}
   (You found it on level 3 of the Depths)

   [amulet of magic regeneration]

   It increases your rate of magic regeneration.
   Dex:       It affects your dexterity (+2).
   rF:        It protects you from fire.
 z - the ring "Uxohaer" (right hand) {Fly rPois Will+ Str-2 SInv}
   (You found it on level 4 of the Dungeon)

   [ring of willpower]

   Str:       It affects your strength (-2).
   rPois:     It protects you from poison.
   SInv:      It lets you see invisible.
   Fly:       It grants you flight.
   Will:      It increases your willpower.
 O - the ring of the Robin {rC- Will+++ Str+6 Int+3 Dex+4}
   (You took it off a deep elf pyromancer on level 3 of the Elven Halls)

   [ring of strength]

   Str:       It affects your strength (+6).
   Int:       It affects your intelligence (+3).
   Dex:       It affects your dexterity (+4).
   rC:        It makes you vulnerable to cold.
   Will:      It greatly increases your willpower.
 W - the ring "Fotowaod" (left hand) {Contam rN+ rCorr Str+6 Int+3}
   (You took it off a deep elf blademaster on level 3 of the Elven Halls)

   [ring of positive energy]

   Str:       It affects your strength (+6).
   Int:       It affects your intelligence (+3).
   rN:        It protects you from negative energy.
   Contam:    It causes magical contamination when unequipped.
   rCorr:     It protects you from acid and corrosion.
Wands
 x - a wand of iceblast (41)
 H - a wand of acid (16)
 L - a wand of digging (20)
Scrolls
 f - 3 scrolls of amnesia
 k - 13 scrolls of enchant weapon
 m - 7 scrolls of immolation
 u - 5 scrolls of blinking
 B - 9 scrolls of magic mapping
 F - a scroll of brand weapon
 J - 3 scrolls of summoning
 M - 7 scrolls of fear
 N - 12 scrolls of teleportation
 R - 6 scrolls of fog
 T - 3 scrolls of enchant armour
Potions
 a - 10 potions of cancellation
 l - 6 potions of magic
 o - 7 potions of brilliance
 q - 8 potions of mutation
 A - 10 potions of ambrosia
 D - 5 potions of resistance
 Q - 21 potions of heal wounds
 V - 14 potions of curing
 X - 9 potions of invisibility
 Y - 2 potions of haste
 Z - 10 potions of might
Miscellaneous
 r - a phantom mirror
 K - a condenser vane


   Skills:
 - Level 21.0 Fighting
 - Level 3.0 Long Blades
 * Level 16.8 Armour
 - Level 1.5 Dodging
 - Level 3.0 Stealth
 * Level 16.8 Shields
 - Level 24.0 Spellcasting
 + Level 16.5 Conjurations
 * Level 7.6 Necromancy
 - Level 3.0 Transmutations
 + Level 15.6 Fire Magic
 - Level 3.0 Ice Magic
 + Level 23.0 Earth Magic


You had 15 spell levels left.
You knew the following spells:

 Your Spells              Type           Power      Damage    Failure   Level
a - Sandblast             Erth           100%       2d20      1%          1
b - Passwall              Tmut/Erth      98%        N/A       1%          2
c - Stone Arrow           Conj/Erth      100%       3d13      1%          3
d - Swiftness             Air            60%        N/A       4%          3
e - Fire Storm            Conj/Fire      63%        8d16      34%         9
f - Ignition              Fire           63%        3d17      3%          8
g - Shatter               Erth           71%        3d52*     2%          9
h - Freezing Cloud        Conj/Ice/Air   47%        6-21      1%          5
i - Borgnjor's Vile Clut  Necr/Erth      62%        N/A       1%          5
j - Iron Shot             Conj/Erth      68%        9d13      1%          6
k - Lehudib's Crystal Sp  Conj/Erth      68%        10d15     1%          8

Your spell library contained the following spells:

 Spells                   Type           Power      Damage    Failure   Level
 Maxwell's Capacitive Co  Air            30%        ∞         100%        8
 Animate Skeleton         Necr           100%       N/A       1%          1
 Apportation              Tloc           100%       N/A       1%          1
 Foxfire                  Conj/Fire      100%       2x1d9     1%          1
 Shock                    Conj/Air       100%       1d9       1%          1
 Summon Small Mammal      Summ           100%       N/A       1%          1
 Corpse Rot               Necr/Air       100%       N/A       1%          2
 Ensorcelled Hibernation  Hex/Ice        100%       N/A       1%          2
 Static Discharge         Conj/Air       100%       N/A       1%          2
 Conjure Flame            Conj/Fire      100%       6-21      1%          3
 Ignite Poison            Fire/Tmut/Pois 93%        N/A       1%          3
 Inner Flame              Hex/Fire       100%       N/A       1%          3
 Mephitic Cloud           Conj/Pois/Air  90%        N/A       1%          3
 Vampiric Draining        Necr           99%        2d13      1%          3
 Animate Armour           Summ/Erth      100%       N/A       1%          4
 Animate Dead             Necr           49%        N/A       1%          4
 Dispel Undead            Necr           99%        3d31      1%          4
 Flame Wave               Conj/Fire      100%       2d17      1%          4
 Fulminant Prism          Conj/Hex       51%        3d23      1%          4
 Iskenderun's Mystic Bla  Conj/Tloc      100%       2d19      1%          4
 Leda's Liquefaction      Hex/Erth       56%        N/A       1%          4
 Petrify                  Tmut/Erth      100%       N/A       1%          4
 Sticky Flame             Conj/Fire      100%       2d11      1%          4
 Irradiate                Conj/Tmut      53%        3d31      1%          5
 Lee's Rapid Deconstruct  Erth           71%        3d33*     1%          5
 Lightning Bolt           Conj/Air       51%        1d72      1%          5
 Conjure Ball Lightning   Conj/Air       51%        3x3d18    1%          6
 Starburst                Conj/Fire      63%        6d17      1%          6
 Orb of Destruction       Conj           64%        9d15      1%          7
 Blink                    Tloc           100%       N/A       2%          2
 Excruciating Wounds      Necr           49%        N/A       2%          5
 Airstrike                Air            30%        N/A       3%          4
 Anguish                  Hex/Necr       41%        N/A       3%          4
 Gell's Gravitas          Tloc           60%        N/A       4%          3
 Lesser Beckoning         Tloc           60%        N/A       4%          3
 Portal Projectile        Hex/Tloc       100%       N/A       4%          3
 Summon Guardian Golem    Hex/Summ       60%        N/A       4%          3
 Teleport Other           Tloc           60%        N/A       4%          3
 Tukima's Dance           Hex            60%        N/A       4%          3
 Yara's Violent Unravell  Hex/Tmut       34%        3d14      4%          5
 Death Channel            Necr           49%        N/A       9%          6
 Spellforged Servitor     Conj/Summ      51%        N/A       9%          7
 Blade Hands              Tmut           39%        N/A       11%         5
 Passage of Golubria      Tloc           60%        N/A       13%         4
 Summon Lightning Spire   Summ/Air       60%        N/A       13%         4
 Manifold Assault         Tloc           60%        N/A       30%         5
 Silence                  Hex/Air        30%        N/A       30%         5
 Summon Forest            Summ/Tloc      30%        N/A       30%         5
 Summon Mana Viper        Hex/Summ       60%        N/A       30%         5
 Dispersal                Tloc           30%        N/A       83%         6
 Summon Cactus Giant      Summ           30%        N/A       83%         6
 Storm Form               Tmut/Air       34%        N/A       99%         7
 Chain Lightning          Conj/Air       51%        3d68      99%         9
 Enfeeble                 Hex            30%        N/A       100%        7
 Malign Gateway           Summ/Tloc      30%        N/A       100%        7
 Discord                  Hex            30%        N/A       100%        8
 Disjunction              Tloc           30%        N/A       100%        8
 Sublimation of Blood     Necr           Unusable   N/A       N/A         2

Dungeon Overview and Level Annotations

Branches:
Dungeon (15/15)            Temple (1/1) D:5            Lair (6/6) D:8
  Swamp (4/4) Lair:3       Spider (4/4) Lair:3        Slime (0/5) Lair:6
    Orc (2/2) D:10            Elf (3/3) Orc:2        Vaults (5/5) D:14
  Crypt (3/3) Vaults:3       Tomb (0/3) Crypt:3      Depths (4/4) D:15
    Zot (4/5) Depths:4      IceCv (visited)         Volcano (visited)

Altars:
Ashenzari
Cheibriados
Dithmenos
Elyvilon
Fedhas
Gozag
Hepliaklqana
Kikubaaqudgha
Makhleb
Nemelex Xobeh
Okawaru
Qazlal
Ru
Sif Muna
Trog
Uskayaw
Vehumet
Wu Jian
Xom
Yredelemnul
Zin
The Shining One

Shops:
D:1 =   D:6 =   D:9 ?   D:14 *   D:15 *   Orc:1 !   Orc:2 [*!=:   Vaults:1 *
Vaults:2 :   Vaults:3 !   Vaults:5 *([!   Depths:1 *:[

Portals:
Hell: Depths:1 Depths:2 Depths:3 Depths:4
Abyss: Depths:3 Depths:4
Pandemonium: Depths:2
Ziggurat: Depths:1
Trove: D:10 (give +4 ring of slaying)

Annotations:
Lair:1 1 runed translucent door, EtherCrawl's ghost, journeyman PaCA
Vaults:2 2 transporters, Feagond's ghost, adept HOMo
Depths:1 exclusions: angel, daeva and 2 more exclusions
Depths:4 6 runed translucent doors


Innate Abilities, Weirdness & Mutations

You are immune to sickness and miasma.
Your stone body is resilient. (AC +20)
You are immune to poison.
Your large and strong wings let you fly.
You resist negative energy. (rN+)
You are resistant to electric shocks. (rElec)
You are resistant to unholy torment.
You are immune to petrification.
Your body often deteriorates upon taking damage.
Your muscles are strong. (Str +2)
Your spells are a little harder to cast, but a little more powerful.
You sometimes lose the ability to read scrolls when taking damage.


Message History

You are blasted with magical energy!!
The death cob hits you but does no damage.
You block the death cob's attack. x2
The red draconian scorcher breathes fire at you.
The searing blast hits you. You resist.
The death cob hits you but does no damage.
Unknown command.
You cannot read scrolls in your current state!
Unknown command.
You feel yourself speed up. The death cob completely misses you.
The quicksilver dragon breathes dispelling energy at you.
The bolt of dispelling energy hits you!!
Your magical effects are unravelling.
* * * LOW HITPOINT WARNING * * *
You block the death cob's attack.
The red draconian scorcher hits you but does no damage.
The quicksilver dragon bites you!
* * * LOW HITPOINT WARNING * * *
The quicksilver dragon claws you but does no damage.
You block the red draconian scorcher's attack.
You block the death cob's attack.
The red draconian scorcher barely misses you.
Really quaff the potion of mutation?
You feel extremely strange.
You feel clever.
You can once more read scrolls while threatened.
You feel a little more calm.
You lose the ability to read scrolls when threatened.
You feel less in control of your magic.
You feel yourself speed up.
You feel yourself slow down.
The death cob hits you but does no damage.
You block the quicksilver dragon's attack. x2
The death cob hits you!
* * * LOW HITPOINT WARNING * * *
The red draconian scorcher hits you but does no damage.
The red draconian scorcher breathes fire at you.
The searing blast hits you. You resist.
* * * LOW HITPOINT WARNING * * *
The quicksilver dragon bites you!
You die...

..#######.. #.
#.........# ##.# #..)..
...# #..# #.... ...#
#..# #..# #..##
###..####.######...##
..#..##.........zq..##..
.....#.)....§..○@qq))...
#......##........D.#....
##..†.####........## .
#.[.## ##......##
##...## ##§...## #.....#
###### .>.#..# ...#..#
...##..#


You could see a death cob, a quicksilver dragon, a white draconian stormcaller
and 2 draconians.

Vanquished Creatures
  2 ancient liches
  Mennas (Vaults:2)
  An orb of fire (Zot:1)
  2 juggernauts (Depths:3)
  Sojobo (Crypt:3)
  Xtahua (Depths:4)
  13 caustic shrikes
  A curse toe (Zot:4)
  16 golden dragons
  3 bone dragons
  An electric golem (Zot:1)
  Arachne (Spider:2)
  Jorgrun (Orc:1)
  11 tentacled monstrosities
  Asterion (Vaults:3)
  Mlioglotl (Spider:2)
  A walking divine tome (Depths:4)
  A deep elf master archer (Elf:3)
  9 liches
  6 titans
  5 quicksilver dragons
  3 deep elf blademasters
  A walking frostbound tome (Depths:3)
  9 death cobs
  8 sphinxes
  4 ancient champions (Crypt:2)
  Gastronok (D:9)
  8 shadow dragons
  10 tengu reavers
  4 draconian monks
  14 storm dragons
  3 revenants
  A fenstrider witch (Swamp:3)
  Donald (Orc:2)
  8 fire giants
  An azure jelly (Lair:4)
  3 draconian knights
  6 emperor scorpions
  26 vault wardens
  11 deep elf sorcerers
  7 ghost moths
  An orc warlord (Vaults:2)
  A curse skull (Vaults:3)
  4 iron dragons
  Louise (Depths:4)
  3 draconian shifters
  Aizul (Swamp:4)
  3 draconian scorchers
  5 draconian stormcallers (Zot:3)
  13 frost giants
  7 deep elf elementalists (Elf:3)
  3 draconian annihilators
  15 ironbound preservers
  9 ghouls
  A broodmother (shapeshifter) (Vaults:5)
  18 stone giants
  The ghost of FLACIDUS the Earth Mage, a journeyman GrEE of Vehumet (Spider:2)
  31 very ugly things
  7 war gargoyles
  A broodmother (Spider:4)
  7 black draconians
  5 ironbound thunderhulks
  8 deep elf demonologists
  6 eleionomae
  5 green draconians
  15 dire elephants
  13 entropy weavers
  6 vampire knights
  5 bunyips
  5 red draconians
  6 white draconians
  9 deep elf annihilators (Elf:3)
  9 spark wasps
  7 purple draconians
  6 yellow draconians
  3 blizzard demons
  7 deep elf death magi
  6 jiangshi (Crypt:2)
  4 crystal guardians
  12 ettins
  14 fire dragons
  5 deep elf high priests
  2 shambling mangroves
  7 great orbs of eyes
  17 yaktaur captains
  38 vault guards
  22 hydras
  2 caustic shrike simulacra (IceCv)
  4 peacekeepers
  6 rakshasas
  7 ogre magi
  8 boulder beetles
  18 centaur warriors
  8 ice dragons
  16 two-headed ogres
  7 spriggan air magi
  2 jorogumos
  30 dancing weapons
  13 alligators
  7 ironbound frosthearts
  10 deep troll shamans
  6 deep troll earth magi
  8 death yaks (Lair:6)
  An orc high priest (Elf:1)
  2 tengu warriors
  7 spriggan berserkers
  10 vampire magi
  Urug (Lair:2)
  10 hell knights
  7 deep elf knights
  Nergalle (D:10)
  8 pharaoh ants
  5 soul eaters
  A titan skeleton (Crypt:2)
  A sun moth (Spider:4)
  6 iron trolls
  A golden dragon zombie (Crypt:3)
  5 goliath frogs
  28 skeletal warriors
  7 steelbarb worms
  A death drake (Swamp:4)
  A fire crab (Swamp:4)
  An anaconda zombie (Crypt:3)
  A spark wasp zombie (Crypt:1)
  5 glowing orange brains
  A bunyip zombie (Swamp:2)
  A storm dragon skeleton (Crypt:3)
  8 bog bodies
  4 deep elf archers
  3 orb spiders
  7 swamp dragons (Swamp:4)
  A shadow dragon zombie (Crypt:2)
  10 phantasmal warriors
  7 orc knights
  6 wizards
  21 ironbound convokers
  12 necromancers
  58 deep trolls
  2 lindwurms (shapeshifter)
  11 lindwurms
  8 spriggan simulacra (IceCv)
  An obsidian statue (IceCv)
  28 deep elf pyromancers
  An anaconda skeleton (Crypt:2)
  A bunyip skeleton (Crypt:3)
  2 orc sorcerers (Elf:1)
  12 wolf spiders
  21 deep elf zephyrmancers
  2 shining eyes (shapeshifter)
  15 moths of wrath
  A sphinx skeleton (D:15)
  42 ugly things
  2 stone giant zombies (D:15)
  18 slime creatures
  3 manticores
  A rust devil (Depths:2)
  6 cyclopes
  2 will-o-the-wisps
  9 black mambas
  11 elephants
  A fire giant skeleton (Vaults:5)
  3 dire elephant zombies
  3 gargoyles
  22 vault sentinels
  A molten gargoyle (Orc:1)
  4 smoke demons (Depths:1)
  7 torpor snails
  An efreet (D:15)
  Maggie (D:10)
  11 cane toads
  2 unseen horrors
  8 demonic crawlers
  2 hellions (Depths:1)
  A rime drake (shapeshifter) (Vaults:5)
  12 komodo dragons
  6 freezing wraiths
  2 spriggan zombies
  2 human skeletons (Vaults:5)
  2 tengu conjurers (D:12)
  A death yak zombie (Crypt:1)
  48 yaktaurs
  8 ice devils
  3 rime drakes
  7 entropy weaver simulacra (IceCv)
  A troll (shapeshifter) (Elf:1)
  A golden dragon simulacrum (IceCv)
  A hydra zombie (Crypt:3)
  A guardian mummy (D:10)
  4 anaconda simulacra (IceCv)
  A white draconian skeleton (Crypt:2)
  11 trolls
  3 bloated husks
  10 polar bears
  8 meliai
  A fire dragon zombie (Crypt:3)
  27 tarantellas
  8 tyrant leeches
  25 hornets
  A slime creature (shapeshifter) (Vaults:2)
  2 hydra skeletons
  21 blink frogs
  A blink frog (shapeshifter) (D:14)
  A harpy skeleton (Crypt:3)
  15 dream sheep
  A tarantella zombie (Crypt:1)
  20 jumping spiders
  A meliai zombie (D:11)
  20 culicivoras
  33 flying skulls
  A merfolk skeleton (Crypt:3)
  A shadow (D:11)
  A centaur simulacrum (D:15)
  39 spriggans
  A water elemental (Elf:1)
  2 wyverns
  Sigmund (D:2)
  51 yaks
  2 wraiths
  An elf simulacrum (Vaults:1)
  4 fire elementals
  Grum (D:9)
  4 basilisks
  5 steam dragons
  6 wargs
  67 redbacks
  15 vampire mosquitoes
  A yaktaur simulacrum (Vaults:4)
  3 minotaur simulacra (IceCv)
  A redback (shapeshifter) (Vaults:5)
  A swamp worm (shapeshifter) (Vaults:5)
  17 swamp worms
  Edmund (D:5)
  A hydra simulacrum (IceCv)
  An acid dragon (D:12)
  15 water moccasins
  7 swamp drakes (Swamp:4)
  A sky beast (D:7)
  14 orc warriors
  A swamp dragon zombie (Swamp:2)
  4 black bears
  An ettin simulacrum (IceCv)
  4 ice beasts
  3 alligator simulacra (IceCv)
  28 ogres
  3 necrophages
  10 boggarts
  20 wolves
  17 centaurs
  Blork the orc (D:5)
  5 kobold brigands
  11 bullfrogs
  3 scorpions
  3 wyvern zombies
  3 earth elementals
  2 komodo dragon skeletons (Crypt:2)
  7 deep troll simulacra (IceCv)
  A water moccasin zombie (D:5)
  2 lindwurm simulacra (IceCv)
  A killer bee (shapeshifter) (Vaults:5)
  A shapeshifter zombie (Crypt:1)
  2 swamp dragon simulacra (Swamp:2)
  13 wights
  13 howler monkeys
  4 electric eels (Lair:5)
  A wolf zombie (Crypt:2)
  A howler monkey (shapeshifter) (Vaults:5)
  4 crimson imps
  5 centaur zombies
  A bullfrog zombie (D:5)
  19 jellies
  23 orc priests
  A bullfrog skeleton (D:5)
  2 gnoll shamans
  4 centaur skeletons
  Ijyb (D:3)
  3 iguanas
  Natasha (thrice) (D:2)
  20 orc wizards
  An acid dragon zombie (Crypt:1)
  A tengu zombie (Crypt:1)
  2 howler monkey zombies
  15 gnolls
  2 howler monkey skeletons
  A steam dragon zombie (Crypt:1)
  6 adders
  2 shadow imps
  4 white imps
  4 ufetubi
  A worm (D:4)
  An adder skeleton (D:4)
  An iguana skeleton (Crypt:1)
  A worm (shapeshifter) (Depths:3)
  A dart slug (D:4)
  44 orcs
  7 ball pythons
  8 bats
  10 endoplasms
  2 giant cockroaches
  9 goblins
  7 hobgoblins
  4 jackals (D:2)
  4 quokkas
  A frilled lizard (D:3)
  A frilled lizard skeleton (Crypt:2)
  A giant cockroach zombie (Crypt:1)
  26 kobolds
  An orc skeleton (Crypt:1)
  4 rats
2246 creatures vanquished.

Vanquished Creatures (collateral kills)
  A white draconian (Depths:4)
  A red draconian (Depths:4)
  A yellow draconian (Depths:4)
  A fire dragon (Depths:4)
  An ice dragon (Depths:4)
  2 yaks (D:9)
  An orc warrior (D:9)
  2 wolves (D:9)
  A howler monkey (D:9)
  A centaur zombie (D:9)
  An orc wizard (D:9)
13 creatures vanquished.

Vanquished Creatures (others)
  A skeletal warrior (Crypt:2)
  A wizard (Vaults:3)
  A lindwurm (Swamp:4)
  2 ugly things
  A bloated husk (Swamp:1)
  A flying skull (Crypt:3)
  2 steam dragons (Swamp:4)
  2 vampire mosquitoes (Swamp:1)
  A swamp drake (Swamp:4)
  A wolf (D:9)
  An orc wizard (Elf:1)
  2 foxfires (Swamp:4)
  41 fungi
  98 plants
  8 withered plants (D:15)
163 creatures vanquished.

Grand Total: 2422 creatures vanquished

Notes
Turn   | Place    | Note
-------+----------+-------------------------------------------
     0 | D:1      | protoss039 the Gargoyle Earth Elementalist began the quest
                  | for the Orb.
     0 | D:1      | Reached XP level 1. HP: 10/10 MP: 3/3
   476 | D:1      | Reached skill level 1 in Transmutations
   476 | D:1      | Reached XP level 2. HP: 15/15 MP: 1/5
   666 | D:1      | Found Pepeuf's Jewellery Shoppe.
   751 | D:1      | Reached XP level 3. HP: 11/19 MP: 4/6
  1175 | D:1      | Learned a level 2 spell: Passwall
  1179 | D:1      | Learned a level 3 spell: Stone Arrow
  1856 | D:2      | Noticed Natasha
  1864 | D:2      | Killed Natasha
  1865 | D:2      | Reached skill level 3 in Spellcasting
  1865 | D:2      | Reached skill level 5 in Earth Magic
  1865 | D:2      | Reached XP level 4. HP: 20/24 MP: 8/8
  1949 | D:2      | Noticed Sigmund
  1963 | D:2      | Killed Sigmund
  1964 | D:2      | Reached skill level 4 in Spellcasting
  1964 | D:2      | Reached XP level 5. HP: 28/28 MP: 11/11
  1964 | D:2      | Reached XP level 6. HP: 32/32 MP: 12/12
  2466 | D:2      | Noticed Natasha
  2470 | D:2      | Killed Natasha
  2522 | D:2      | Noticed Natasha
  2524 | D:2      | Killed Natasha
  2721 | D:3      | Noticed Ijyb
  2766 | D:3      | Killed Ijyb
  2767 | D:3      | Reached skill level 1 in Conjurations
  3147 | D:3      | Found a white marble altar of Elyvilon.
  3297 | D:3      | Reached skill level 1 in Fighting
  3297 | D:3      | Reached XP level 7. HP: 38/38 MP: 14/14
  3988 | D:3      | Found a faded altar of an unknown god.
  4161 | D:4      | Reached skill level 5 in Spellcasting
  4398 | D:4      | Identified the ring "Uxohaer" {Fly rPois Will+ Str-2 SInv}
  4900 | D:5      | Entered Level 5 of the Dungeon
  5238 | D:5      | Reached XP level 8. HP: 45/45 MP: 16/16
  5329 | D:5      | Noticed Edmund
  5336 | D:5      | Killed Edmund
  5418 | D:5      | Found a staircase to the Ecumenical Temple.
  5482 | Temple   | Entered the Ecumenical Temple
  5664 | Temple   | Became a worshipper of Vehumet
  6076 | D:5      | Noticed Blork the orc
  6079 | D:5      | Killed Blork the orc
  6080 | D:5      | Reached skill level 6 in Spellcasting
  6234 | D:5      | Found an iron altar of Okawaru.
  6235 | D:5      | Found a broken altar of Ashenzari.
  6436 | D:6      | Reached skill level 5 in Conjurations
  6608 | D:6      | Reached XP level 9. HP: 14/50 MP: 19/19
  6869 | D:6      | Found a hazy altar of Hepliaklqana.
  6888 | D:6      | Reached skill level 7 in Spellcasting
  6973 | D:6      | You fall into a shaft and drop 2 floors!
  7294 | D:7      | Found a shadowy altar of Dithmenos.
  7543 | D:7      | Reached * piety under Vehumet
  7543 | D:7      | Offered knowledge of Freeze by Vehumet.
  7726 | D:7      | Noticed a deep elf pyromancer
  7808 | D:7      | Killed a deep elf pyromancer
  7905 | D:7      | Reached skill level 8 in Spellcasting
  8367 | D:6      | Reached XP level 10. HP: 56/56 MP: 22/22
  8455 | D:6      | Killed an unseen horror
  9146 | D:6      | Found Awkoatin's Jewellery Emporium.
  9202 | D:6      | Found a sacrificial altar of Ru.
  9213 | D:6      | Found a bloodstained altar of Trog.
  9218 | D:6      | Reached skill level 9 in Spellcasting
  9464 | D:8      | Offered knowledge of Static Discharge by Vehumet.
  9468 | D:8      | Learned a level 2 spell: Static Discharge
  9570 | D:8      | Reached ** piety under Vehumet
  9802 | D:8      | Reached skill level 1 in Armour
  9966 | D:8      | Found a staircase to the Lair.
 11145 | D:9      | Found a burning altar of Makhleb.
 11145 | D:9      | Found a shimmering altar of Xom.
 11155 | D:9      | Found an opulent altar of Gozag.
 11352 | D:9      | Noticed Gastronok
 11574 | D:9      | Noticed Grum
 11581 | D:9      | Offered knowledge of Dazzling Flash by Vehumet.
 11582 | D:9      | Reached XP level 11. HP: 46/62 MP: 24/24
 11590 | D:9      | Reached skill level 5 in Fighting
 11619 | D:9      | HP: 2/64 [Grum/+1 spear (4)]
 11623 | D:9      | Killed Grum
 12084 | D:9      | Noticed a two-headed ogre
 12090 | D:9      | Killed a two-headed ogre
 12091 | D:9      | Reached skill level 10 in Spellcasting
 12091 | D:9      | Reached skill level 10 in Conjurations
 12105 | D:9      | Found Wijopsif's Magic Scroll Emporium.
 12113 | D:9      | Bought a scroll of fear for 45 gold pieces
 12113 | D:9      | Bought a scroll of teleportation for 39 gold pieces
 12113 | D:9      | Bought a scroll of magic mapping for 45 gold pieces
 12113 | D:9      | Bought a scroll of identify for 26 gold pieces
 12113 | D:9      | Bought a scroll of fog for 26 gold pieces
 12113 | D:9      | Bought a scroll of blinking for 97 gold pieces
 12152 | D:10     | Entered Level 10 of the Dungeon
 12193 | D:10     | Noticed Maggie
 12200 | D:10     | Killed Maggie
 12245 | D:10     | Found a staircase to the Orcish Mines.
 12318 | D:10     | Reached *** piety under Vehumet
 12511 | D:10     | Noticed Nergalle
 12520 | D:10     | Killed Nergalle
 12762 | D:10     | Found a portal to a secret trove of treasure.
 12767 | D:10     | Reached skill level 10 in Earth Magic
 12881 | D:10     | Found a glowing golden altar of the Shining One.
 13286 | D:10     | Offered knowledge of Conjure Flame by Vehumet.
 13727 | D:11     | Noticed a boulder beetle
 13739 | D:11     | Killed a boulder beetle
 13740 | D:11     | Reached skill level 11 in Spellcasting
 14343 | D:11     | Identified the +8 falchion of the Ancients {vorpal, MP+9
                  | Dex+3}
 14394 | D:11     | Noticed a cyclops
 14394 | D:11     | Noticed a cyclops
 14556 | D:11     | Killed a cyclops
 14557 | D:11     | Reached skill level 1 in Long Blades
 14557 | D:11     | Reached XP level 12. HP: 70/70 MP: 27/27
 14563 | D:11     | Reached **** piety under Vehumet
 15252 | D:12     | Offered knowledge of Freezing Cloud by Vehumet.
 15262 | D:12     | Learned a level 5 spell: Freezing Cloud
 16330 | D:13     | Noticed a boulder beetle
 16355 | D:13     | Noticed a two-headed ogre
 16360 | D:13     | Killed a two-headed ogre
 16361 | D:13     | Reached skill level 1 in Shields
 16361 | D:13     | Reached skill level 1 in Ice Magic
 16580 | D:13     | Noticed a centaur warrior
 16587 | D:13     | Killed a centaur warrior
 17096 | D:13     | Got Negro's Papyrus of the Supportive Birds
 17269 | D:13     | Noticed a centaur warrior
 17279 | D:13     | Killed a centaur warrior
 17570 | D:13     | Learned a level 3 spell: Mephitic Cloud
 17582 | D:13     | Killed a boulder beetle
 17873 | D:14     | Noticed a six-headed hydra
 17877 | D:14     | Killed a six-headed hydra
 17878 | D:14     | Reached skill level 5 in Armour
 18057 | D:14     | Found Juann's Gadget Gallery.
 18074 | D:14     | Reached skill level 12 in Spellcasting
 18078 | D:14     | Noticed a four-headed hydra
 18083 | D:14     | Killed a four-headed hydra
 18084 | D:14     | Reached XP level 13. HP: 78/78 MP: 29/29
 18768 | D:14     | Found a gate to the Vaults.
 19184 | D:14     | Reached skill level 5 in Shields
 19791 | D:15     | Entered Level 15 of the Dungeon
 19791 | D:15     | Found Etynic's General Store.
 19791 | D:15     | Found Qampeh's Specific Store.
 19908 | D:15     | Bought a potion of haste for 160 gold pieces
 19908 | D:15     | Bought a scroll of magic mapping for 56 gold pieces
 19912 | D:15     | Bought a potion of might for 64 gold pieces
 20138 | D:15     | Found a radiant altar of Vehumet.
 20455 | Lair:1   | Entered Level 1 of the Lair of Beasts
 20792 | Lair:1   | Found a runed translucent door.
 20793 | Lair:1   | Noticed EtherCrawl's ghost (journeyman PaCA)
 21287 | Lair:1   | Gained mutation: Your large and strong wings let you fly.
                  | [Gargoyle growth]
 21287 | Lair:1   | Reached XP level 14. HP: 86/86 MP: 30/30
 22227 | Lair:2   | You are sucked into a shaft and drop 2 floors!
 22233 | Lair:4   | Reached ***** piety under Vehumet
 22234 | Lair:4   | Reached skill level 13 in Spellcasting
 22254 | Lair:4   | Offered knowledge of Iron Shot by Vehumet.
 22262 | Lair:4   | Learned a level 6 spell: Iron Shot
 22262 | Lair:4   | Noticed an azure jelly
 22267 | Lair:4   | Killed an azure jelly
 22268 | Lair:4   | Reached skill level 10 in Fighting
 22444 | Lair:3   | Found a hole to the Spider Nest.
 23070 | Lair:3   | Found a staircase to the Swamp.
 23612 | Lair:2   | Noticed Urug
 23617 | Lair:2   | Killed Urug
 24388 | Lair:2   | Identified the +7 flail of Ravage {freeze, rF+}
 26190 | Lair:5   | Reached XP level 15. HP: 94/94 MP: 32/32
 26848 | Lair:5   | Offered knowledge of Eringya's Noxious Bog by Vehumet.
 27085 | Lair:6   | Entered Level 6 of the Lair of Beasts
 27595 | Lair:6   | Reached skill level 10 in Armour
 27747 | Lair:6   | Found a staircase to the Slime Pits.
 27792 | Lair:6   | Offered knowledge of Starburst by Vehumet.
 27816 | Lair:5   | Learned a level 6 spell: Starburst
 28005 | Lair:6   | Reached skill level 14 in Spellcasting
 28577 | Lair:6   | Reached skill level 1 in Fire Magic
 29561 | Lair:6   | Identified the +0 cloak "Ukhum" {Str+5 Int-2}
 29852 | D:9      | Killed Gastronok
 30401 | D:15     | Reached skill level 10 in Shields
 30761 | D:15     | Reached XP level 16. HP: 78/101 MP: 22/34
 30993 | D:15     | Found a staircase to the Depths.
 31516 | Orc:1    | Entered Level 1 of the Orcish Mines
 31537 | Orc:1    | Found Uhanen's Distillery.
 31654 | Orc:1    | Noticed Jorgrun
 31661 | Orc:1    | Killed Jorgrun
 31730 | Orc:1    | Offered knowledge of Ozocubu's Refrigeration by Vehumet.
 31782 | Orc:1    | Found a dark tunnel.
 31794 | Volcano  | Entered a volcano
 32068 | Volcano  | Found a burning altar of Makhleb.
 32645 | Orc:1    | Bought a potion of invisibility for 120 gold pieces
 32645 | Orc:1    | Bought a potion of heal wounds for 75 gold pieces
 32645 | Orc:1    | Bought a potion of magic for 120 gold pieces
 32645 | Orc:1    | Bought a potion of magic for 120 gold pieces
 32645 | Orc:1    | Bought 2 potions of magic for 240 gold pieces
 32839 | Orc:2    | Entered Level 2 of the Orcish Mines
 32941 | Orc:2    | Found a staircase to the Elven Halls.
 33129 | Orc:2    | Noticed Donald
 33140 | Orc:2    | Killed Donald
 33410 | Orc:2    | Found Kyown's Antique Armour Boutique.
 33418 | Orc:2    | Bought a transparent helmet for 256 gold pieces
 33418 | Orc:2    | Identified the +3 helmet "Mubuk" {+Blink Stlth+} (You
                  | bought it in a shop on level 2 of the Orcish Mines)
 33418 | Orc:2    | Bought a pair of glowing gloves for 202 gold pieces
 33900 | Orc:2    | Found Byhi's Distillery.
 33902 | Orc:2    | Found Wommora's Book Boutique.
 33906 | Orc:2    | Found Yrhoim's General Store.
 33907 | Orc:2    | Found Sudetzibing's Jewellery Emporium.
 34075 | Orc:2    | Bought the Compendium of Earthen Dark Arts for 532 gold
                  | pieces
 34081 | Orc:2    | Learned a level 5 spell: Borgnjor's Vile Clutch
 34086 | Orc:2    | Bought a potion of heal wounds for 50 gold pieces
 34086 | Orc:2    | Bought a potion of cancellation for 80 gold pieces
 34086 | Orc:2    | Bought a potion of curing for 30 gold pieces
 34331 | Orc:2    | Bought a potion of invisibility for 80 gold pieces
 34331 | Orc:2    | Bought a potion of might for 40 gold pieces
 34331 | Orc:2    | Bought a potion of might for 40 gold pieces
 34341 | Orc:2    | Bought a potion of ambrosia for 144 gold pieces
 34341 | Orc:2    | Bought a potion of curing for 54 gold pieces
 34608 | Spider:1 | Entered Level 1 of the Spider Nest
 34636 | Spider:1 | Offered knowledge of Orb of Destruction by Vehumet.
 35368 | Spider:1 | Reached skill level 1 in Necromancy
 35924 | Spider:1 | Reached XP level 17. HP: 105/109 MP: 25/35
 36865 | Spider:2 | Noticed Mlioglotl
 37375 | Spider:2 | Noticed Arachne
 37387 | Spider:2 | Killed Arachne
 37388 | Spider:2 | Reached skill level 15 in Spellcasting
 37404 | Spider:2 | Reached ****** piety under Vehumet
 37408 | Spider:2 | Offered knowledge of Spellforged Servitor by Vehumet.
 38320 | Spider:2 | Found a runed translucent gate.
 38320 | Spider:2 | Found a runed translucent gate.
 38320 | Spider:2 | Found a runed translucent gate.
 38324 | Spider:2 | Noticed FLACIDUS's ghost (journeyman GrEE)
 38333 | Spider:2 | Killed FLACIDUS's ghost
 38442 | Spider:2 | Killed Mlioglotl
 40425 | Spider:3 | Identified the +1 ring mail of the Okapi {rF+ Int+3}
 40438 | Spider:3 | Identified a scroll of acquirement
 40440 | Spider:3 | Acquired 805 gold pieces
 40487 | Spider:4 | Entered Level 4 of the Spider Nest
 40557 | Spider:4 | Found a frozen archway.
 40585 | IceCv    | Entered an ice cave
 40613 | IceCv    | Offered knowledge of Ignition by Vehumet.
 40640 | IceCv    | Learned a level 8 spell: Ignition
 40895 | IceCv    | Reached skill level 5 in Fire Magic
 41264 | IceCv    | Identified the +0 pair of gloves of the Pleiades {Will+}
 42046 | Spider:4 | Reached XP level 18. HP: 114/115 MP: 32/37
 43527 | Spider:4 | Reached skill level 5 in Necromancy
 44107 | Spider:4 | Got a gossamer rune of Zot
 44389 | Swamp:1  | Entered Level 1 of the Swamp
 44700 | Swamp:1  | Found a shimmering altar of Xom.
 44703 | Swamp:1  | Got the Guide on Arcane Weapons
 45215 | Swamp:1  | Reached skill level 15 in Fighting
 45506 | Swamp:1  | You are sucked into a shaft and drop 1 floor!
 45533 | Swamp:2  | Reached skill level 16 in Spellcasting
 45615 | Swamp:1  | Got Sif Muna's Disquisition on Dusty Weightlessness
 45713 | Swamp:2  | Found a bloodstained altar of Trog.
 45732 | Swamp:2  | Learned a level 3 spell: Swiftness
 46151 | Swamp:2  | Identified the +3 hand crossbow of Xofiapt {venom, rElec
                  | rPois}
 46321 | Swamp:2  | Offered knowledge of Fire Storm by Vehumet.
 46321 | Swamp:2  | Offered knowledge of Shatter by Vehumet.
 46321 | Swamp:2  | Offered knowledge of Maxwell's Capacitive Coupling by
                  | Vehumet.
 46383 | Swamp:2  | Reached skill level 15 in Earth Magic
 46560 | Swamp:3  | Noticed a tentacled monstrosity
 46566 | Swamp:3  | Killed a tentacled monstrosity
 46757 | Swamp:3  | Identified the +4 spear of Infinite Pain {speed, rF- MP+9
                  | Int+7}
 46991 | Swamp:3  | Reached XP level 19. HP: 124/124 MP: 19/39
 47248 | Swamp:4  | Entered Level 4 of the Swamp
 47305 | Swamp:4  | Noticed a tentacled monstrosity
 47312 | Swamp:4  | Killed a tentacled monstrosity
 47750 | Swamp:4  | Noticed Aizul
 47758 | Swamp:4  | Killed Aizul
 48252 | Swamp:4  | Reached skill level 15 in Conjurations
 48824 | Swamp:4  | Identified the amulet of Foutiff {Reflect Harm Fragile
                  | Dex+4 SH+5 Stlth+}
 49123 | Swamp:4  | Reached skill level 17 in Spellcasting
 49140 | Swamp:4  | Got a decaying rune of Zot
 49483 | Elf:1    | Entered Level 1 of the Elven Halls
 50092 | Elf:1    | You are sucked into a shaft and drop 1 floor!
 51685 | Elf:2    | Found a huge runed translucent gate.
 51685 | Elf:2    | Found a huge runed translucent gate.
 51685 | Elf:2    | Found a huge runed translucent gate.
 51685 | Elf:2    | Found a huge runed translucent gate.
 51685 | Elf:2    | Found a huge runed translucent gate.
 52667 | Elf:2    | Reached XP level 20. HP: 129/129 MP: 40/41
 52997 | Elf:3    | Entered Level 3 of the Elven Halls
 53063 | Elf:3    | Reached skill level 18 in Spellcasting
 53473 | Elf:3    | Learned a level 8 spell: Lehudib's Crystal Spear
 54015 | Elf:3    | Reached skill level 10 in Fire Magic
 54248 | Elf:3    | Identified the +4 glaive of the Ghost {venom, Fly rN++
                  | Will+ Str-2}
 54282 | Elf:3    | Identified the +5 lajatang of Putrescence {holy, rElec
                  | Str-4 Int+5 Stlth+}
 54282 | Elf:3    | Identified the +2 leather armour of Parts Unknown {+Blink
                  | rPois}
 54282 | Elf:3    | Identified the ring of the Robin {rC- Will+++ Str+6 Int+3
                  | Dex+4}
 54430 | Elf:3    | Identified the +8 plate armour "Piniumul" {rElec Dex+4}
 54430 | Elf:3    | Identified the ring "Fotowaod" {Contam rN+ rCorr Str+6
                  | Int+3}
 54649 | Elf:3    | Identified the +1 plate armour of the Gardener {SInv}
 54674 | Elf:3    | Identified the ring of Duikojar {+Blink Int+6}
 54737 | Elf:3    | Identified the +0 pair of gloves of Ashenzari's Pride {rN+}
 54743 | Elf:3    | Identified the +2 ring mail of Analysis {rPois rC+}
 55159 | Vaults:1 | Entered Level 1 of the Vaults
 56459 | Vaults:1 | Reached skill level 19 in Spellcasting
 57607 | Vaults:1 | Found Gedgh's Assorted Antiques.
 57615 | Vaults:1 | Bought a scroll of fear for 136 gold pieces
 57615 | Vaults:1 | Bought a potion of heal wounds for 195 gold pieces
 58410 | Vaults:2 | Reached XP level 21. HP: 134/134 MP: 42/44
 59150 | Vaults:2 | Noticed Mennas
 59672 | Vaults:2 | Reached skill level 20 in Spellcasting
 59791 | Vaults:2 | Killed Mennas
 59957 | Vaults:2 | Found Iddutt's Book Shoppe.
 60406 | Vaults:2 | Found a transporter.
 60406 | Vaults:2 | Found a transporter.
 60406 | Vaults:2 | Noticed an ancient lich
 60406 | Vaults:2 | Noticed Feagond's ghost (adept HOMo)
 61494 | Vaults:3 | Found Jeshreorph's Distillery.
 61934 | Vaults:3 | Found a staircase to the Crypt.
 62091 | Vaults:3 | Reached XP level 22. HP: 140/140 MP: 13/46
 62625 | Vaults:3 | Noticed Asterion
 62636 | Vaults:3 | Killed Asterion
 65720 | Depths:1 | Entered Level 1 of the Depths
 65841 | Depths:1 | Found Xesoanen's Armour Boutique.
 65843 | Depths:1 | Found Kanti's Book Shop.
 65845 | Depths:1 | Found Deyrih's General Store.
 65853 | Depths:1 | Bought a scroll of fog for 34 gold pieces
 65853 | Depths:1 | Bought a potion of brilliance for 68 gold pieces
 65936 | Depths:1 | Found a broken altar of Ashenzari.
 66250 | Depths:1 | Got the Volume of the Neverending Thickets
 66385 | Depths:1 | Found a one-way gateway to a ziggurat.
 66395 | Depths:1 | Identified the +5 chain mail of the Endless Expanse {rF-
                  | Will- rCorr Dex+8}
 67223 | Depths:1 | Reached XP level 23. HP: 127/148 MP: 8/47
 67541 | Depths:1 | Found a gateway to Hell.
 67601 | Depths:1 | Identified the +6 scale mail of Inquiry {rF+ rC- rN+}
 68688 | Depths:2 | Identified the +1 scale mail of the Quahog {Rampage rC+}
 68743 | Depths:2 | Found a one-way gate leading to the halls of Pandemonium.
 69072 | Depths:2 | Identified the ring of Uthol {+Blink Will+}
 70012 | Depths:3 | Found a one-way gate to the infinite horrors of the Abyss.
 70420 | Depths:3 | Reached skill level 21 in Spellcasting
 70532 | Depths:3 | Found an opulent altar of Gozag.
 70533 | Depths:3 | Found a basalt altar of Yredelemnul.
 70533 | Depths:3 | Found a hide-covered altar of Uskayaw.
 70790 | Depths:3 | Noticed a caustic shrike
 70794 | Depths:3 | Killed a caustic shrike
 70872 | Depths:3 | Noticed a golden dragon
 70875 | Depths:3 | Killed a golden dragon
 70876 | Depths:3 | Reached skill level 15 in Armour
 70986 | Depths:3 | Reached skill level 15 in Shields
 71688 | Depths:3 | Noticed a caustic shrike
 71695 | Depths:3 | Killed a caustic shrike
 71828 | Depths:3 | Noticed a juggernaut
 71845 | Depths:3 | Killed a juggernaut
 72042 | Depths:3 | Noticed a golden dragon
 72055 | Depths:3 | Killed a golden dragon
 72335 | Depths:3 | Identified the amulet "Moigiod" {RegenMP rF+ Dex+2}
 73301 | Depths:3 | Noticed a golden dragon
 73304 | Depths:3 | Killed a golden dragon
 73365 | Depths:3 | Reached XP level 24. HP: 157/157 MP: 42/48
 73413 | Depths:3 | Noticed a juggernaut
 73436 | Depths:3 | Killed a juggernaut
 73531 | Depths:3 | Learned a level 9 spell: Shatter
 73542 | Depths:3 | Learned a level 9 spell: Fire Storm
 73579 | Depths:3 | Noticed a caustic shrike
 73583 | Depths:3 | Killed a caustic shrike
 73899 | Depths:4 | Entered Level 4 of the Depths
 74099 | Depths:4 | Found a runed translucent door.
 74099 | Depths:4 | Found a runed translucent door.
 74333 | Depths:4 | Noticed a caustic shrike
 74333 | Depths:4 | Noticed a caustic shrike
 74333 | Depths:4 | Noticed a caustic shrike
 74333 | Depths:4 | Noticed a caustic shrike
 74334 | Depths:4 | Noticed a caustic shrike
 74364 | Depths:4 | Found a runed translucent door.
 74441 | Depths:4 | Killed a caustic shrike
 74443 | Depths:4 | Killed a caustic shrike
 74456 | Depths:4 | Noticed a caustic shrike
 74469 | Depths:4 | Noticed a caustic shrike
 74476 | Depths:4 | Noticed a caustic shrike
 74483 | Depths:4 | Killed a caustic shrike
 74486 | Depths:4 | Noticed a caustic shrike
 74487 | Depths:4 | Noticed a caustic shrike
 74520 | Depths:4 | Killed a caustic shrike
 74868 | Depths:3 | Killed a caustic shrike
 74889 | Depths:4 | Reached skill level 15 in Fire Magic
 74968 | Depths:4 | Killed a caustic shrike
 75031 | Depths:4 | Killed a caustic shrike
 75043 | Depths:4 | Killed a caustic shrike
 75069 | Depths:4 | Killed a caustic shrike
 75072 | Depths:4 | Killed a caustic shrike
 75286 | Depths:4 | Reached skill level 22 in Spellcasting
 75374 | Depths:4 | Noticed Xtahua
 75382 | Depths:4 | Killed Xtahua
 76072 | Depths:4 | Found a runed translucent door.
 76158 | Depths:4 | Found a runed translucent door.
 76172 | Depths:4 | Found a gate to the Realm of Zot.
 76356 | Depths:4 | Found a runed translucent door.
 76428 | Depths:4 | Noticed Louise
 76431 | Depths:4 | Killed Louise
 76436 | Depths:4 | Reached XP level 25. HP: 163/163 MP: 37/49
 77172 | Vaults:5 | Entered Level 5 of the Vaults
 77180 | Vaults:5 | Noticed an ancient lich
 77187 | Vaults:5 | Reached skill level 23 in Spellcasting
 77188 | Vaults:5 | Killed an ancient lich
 77998 | Vaults:5 | Identified the +8 flail "Demonslayer" {vorpal, rPois Str+2
                  | Stlth+}
 78621 | Vaults:5 | Identified the +9 flail of Optimality {protect, rCorr MP+9
                  | Int-3 Stlth+}
 78685 | Vaults:5 | Found Renkomn's Antique Weapon Shoppe.
 78692 | Vaults:5 | Found Naumpaha's General Store.
 78844 | Vaults:5 | Reached skill level 24 in Spellcasting
 78951 | Vaults:5 | Found Xieseu's Antique Armour Boutique.
 78952 | Vaults:5 | Found Ackyh's Distillery.
 78966 | Vaults:5 | Got a silver rune of Zot
 79346 | Vaults:5 | Identified the +2 shortbow of the Pit {freeze, rElec rN+
                  | rCorr Int-5}
 79424 | Vaults:5 | Bought a twisted rapier for 378 gold pieces
 79424 | Vaults:5 | Identified the +2 rapier of Imaffid {spect, rElec Will+}
                  | (You bought it in a shop on level 5 of the Vaults)
 79452 | Vaults:5 | Bought a smoking ring mail for 396 gold pieces
 79452 | Vaults:5 | Identified the +2 ring mail of Exiuhuff {Rampage rC+} (You
                  | bought it in a shop on level 5 of the Vaults)
 79457 | Vaults:5 | Bought a potion of curing for 42 gold pieces
 79457 | Vaults:5 | Bought a potion of magic for 112 gold pieces
 79457 | Vaults:5 | Bought a potion of ambrosia for 112 gold pieces
 79457 | Vaults:5 | Bought a potion of mutation for 112 gold pieces
 79457 | Vaults:5 | Bought 2 potions of haste for 280 gold pieces
 79457 | Vaults:5 | Bought a potion of heal wounds for 70 gold pieces
 79457 | Vaults:5 | Bought a potion of cancellation for 112 gold pieces
 79461 | Vaults:5 | Bought a runed helmet for 330 gold pieces
 79584 | Crypt:1  | Entered Level 1 of the Crypt
 79611 | Crypt:1  | Reached XP level 26. HP: 158/172 MP: 15/51
 81147 | Crypt:3  | Entered Level 3 of the Crypt
 81452 | Crypt:3  | Noticed Sojobo
 81459 | Crypt:3  | Killed Sojobo
 81838 | Crypt:3  | Found a staircase to the Tomb.
 82347 | Crypt:3  | Identified the ring "Buvune" {rN+ Str+6 Int+3}
 82347 | Crypt:3  | Identified the ring "Catei" {rN+ Str+4}
 82347 | Crypt:3  | Identified the ring of Eternal Harmony {rN+ Str+4}
 82496 | Crypt:3  | Found an ancient bone altar of Kikubaaqudgha.
 82497 | Crypt:3  | Noticed an ancient lich
 82502 | Crypt:3  | Killed an ancient lich
 82733 | Crypt:3  | Found the +6 Majin-Bo {vamp, MP+6 Int+6}
 83344 | Zot:1    | Entered Level 1 of the Realm of Zot
 83344 | Zot:1    | You are sucked into a shaft and drop 1 floor!
 83481 | Zot:1    | Noticed an orb of fire
 83487 | Zot:1    | Gained mutation: Your body sometimes deteriorates upon
                  | taking damage. [an orb of fire]
 83490 | Zot:1    | Gained mutation: Your body often deteriorates upon taking
                  | damage. [an orb of fire]
 83493 | Zot:1    | Gained mutation: You tend to lose your temper in combat.
                  | [an orb of fire]
 84257 | Zot:1    | Gained mutation: You sometimes lose the ability to read
                  | scrolls when taking damage. [an orb of fire]
 84257 | Zot:1    | Gained mutation: Your muscles are strong. (Str +2) [an orb
                  | of fire]
 84259 | Zot:1    | Gained mutation: You are dopey. (Int -2) [an orb of fire]
 84260 | Zot:1    | Killed an orb of fire
 84801 | Zot:1    | Reached XP level 27. HP: 180/180 MP: 47/51
 88154 | Zot:4    | Lost mutation: You are dopey. (Int -2) [potion of mutation]
 88154 | Zot:4    | Lost mutation: You sometimes lose the ability to read
                  | scrolls when taking damage. [potion of mutation]
 88154 | Zot:4    | Lost mutation: You tend to lose your temper in combat.
                  | [potion of mutation]
 88154 | Zot:4    | Gained mutation: You sometimes lose the ability to read
                  | scrolls when taking damage. [potion of mutation]
 88154 | Zot:4    | Gained mutation: Your spells are a little harder to cast,
                  | but a little more powerful. [potion of mutation]
 88154 | Zot:4    | HP: 8/182 [death cob (17)]
 88154 | Zot:4    | Slain by a quicksilver dragon

Illustrated notes

Levels and vault maps discovered:
D:1:      psy_arrival_heroes, layout_basic, serial_shops,
          nicolae_shop_hallway_stairs, minmay_heptomino_o4
D:2:      layout_loops_ring, uniq_natasha, uniq_sigmund
D:3:      layout_loops_cross, mainiacjoe_overflow_chevrons,
          hellmonk_ecumenical_altar_prayer_group, uniq_ijyb
D:4:      layout_cave_pools
D:5:      layout_gridville, gammafunk_temple_overflow_statue,
          minmay_temple_entry_steel_oval, uniq_edmund, uniq_blork_the_orc
D:6:      layout_loops_cross, trog_antimagical, old_standard_altar,
          lemuel_round_altar, minmay_shop_enchanted_jewellery, st_stairs_10
D:7:      layout_basic, nicolae_dithmenos_the_darkroom, minmay_manual_moon
D:8:      layout_basic, erik_lair_orcish_takeover, grunt_decor_resistance
D:9:      layout_basic, grunt_temple_overflow_champion_of_chaos,
          mainiacjoe_overflow_catwalk, serial_shops, kennysheep_little_box,
          uniq_gastronok, uniq_grum
D:10:     layout_basic, nicolae_tso_carved_into_rock, orc_0_dummy,
          nicolae_trove_entry_path_of_doom, uniq_maggie, uniq_nergalle
D:11:     minmay_angry_zag, layout_basic, chequers_serial_rivers_large_a,
          minivault_23
D:12:     layout_loops_ring
D:13:     layout_gridville
D:14:     layout_irregular_city, david_vaults_4, drop_trap, minivault_5,
          nicolae_shop_gadgets
D:15:     gammafunk_depths_entry_grave, layout_cave_pools, fiery_altar_vehumet,
          minivault_25_ag, nicolae_specific_store, hex_tiny, chequers_jeans
Temple:   bh_familiar_temple
Lair:1:   kb_forest_paths, layout_gridlike, ebering_ghost_reflecting_pool,
          cheibrodos_lair_lostbears
Lair:2:   layout_chaotic_city, infiniplex_staircase_pool, lemuel_fruit_tree,
          uniq_urug
Lair:3:   layout_loops_ring, skrybe_swamp_entry_bodies,
          nicolae_spider_entry_tight_spaces, infiniplex_staircase_pool_2
Lair:4:   layout_regular_city, nicolae_lair_time_for_slime, grunt_megastairs_1
Lair:5:   layout_regular_city, serial_bayou_ford_a, st_stairs_8,
          serial_bayou_shore_a
Lair:6:   minmay_lair_end_enchanted_forest, layout_small_grid,
          minmay_slime_entry_jelly_boxes
Swamp:1:  layout_basic_swamp, lemuel_altar_in_water
Swamp:2:  layout_basic_swamp, basic_altar, nicolae_swamp_necromancer_hut
Swamp:3:  layout_basic_swamp, evilmike_swamp_ruin_house_2, swamp_pool5
Swamp:4:  swamp_fiery, layout_basic_swamp, worms_lemuel, uniq_aizul
Spider:1: layout_spider_delve
Spider:2: layout_cave_pods, ebering_ghost_rock_garden,
          nicolae_spider_not_touching_you, uniq_mlioglotl, uniq_arachne
Spider:3: layout_chambers, spiders_nest_the_unseen
Spider:4: hellmonk_spider_rune_bug_friends, portal_ice_cave_entry_pillars_three
Orc:1:    layout_caves, serial_shops, nicolae_shop_hallway_stairs,
          nicolae_volcano_entry_vermiform, abandoned_shop,
          nicolae_orc_bridge_out, uniq_jorgrun
Orc:2:    st_orc_open, layout_caves, serial_shops, shop, uniq_donald
Elf:1:    eino_elf_arrival_customs, layout_loops_corners,
          hangedman_elf_represent
Elf:2:    elven_hall_of_blades_hangedman_alternative [nicolae_blade_bullseye],
          layout_rooms, nicolae_elf_variegated_diamond
Elf:3:    minmay_elf_hall_four_x, layout_rooms
Vaults:1: v_misc_33, nicolae_vaults_hallways_thing, vaults_room_pools,
          hangedman_vaults_trim, hangedman_vaults_locks, serial_ice_b,
          v_misc_12, v_rooms_1, ontoclasm_vaults_ring_large, v_misc_18,
          vaults_room_semicircle, layout_vaults_omnicross, serial_shops,
          shop_statue
Vaults:2: gammafunk_ghost_mausoleum, vaults_dpeg_doors, v_misc_9,
          v_alt_pattern_6, vaults_room_corners, ontoclasm_vaults_bender,
          nicolae_vaults_big_ls, v_misc_11, vaults_room_mumra_shop_pool,
          ontoclasm_vaults_gallery, vaults_room_boxed,
          nicolae_vaults_little_squares_3, hangedman_vaults_corner_blocks,
          vaults_dpeg_ring, layout_vaults_omnibox, uniq_mennas
Vaults:3: ontoclasm_vaults_ring_square, ontoclasm_vaults_fault,
          ontoclasm_vaults_ligature, v_rooms_6, nicolae_vaults_angled_halls,
          st_quartered_hall, vaults_standard_mumra_enter_the_diamond, v_misc_25,
          nicolae_vaults_rhombus_6, minmay_crypt_entry_simple_box,
          nicolae_vaults_little_squares_6, layout_vaults_omnigrid, serial_shops,
          shop_fountains, uniq_asterion
Vaults:4: v_misc_19, v_misc_22, nicolae_vaults_twisting_passages, v_misc_33,
          vaults_room_octagon, hangedman_vaults_maws,
          nicolae_vaults_ring_of_whatevers, nicolae_vaults_murderbox,
          nicolae_vaults_little_squares_4, vaults_dpeg_encased_lava,
          serial_ice_m, nicolae_vaults_little_squares_4, layout_vaults_ring
Vaults:5
Crypt:1:  layout_misc_corridors
Crypt:2:  layout_rooms, minmay_misc_feat_cross
Crypt:3:  cryptofortress_bobbens, uniq_sojobo
Depths:1: layout_forbidden_donut, enter_ziggurat_d, nicolae_ashenzari_skybound,
          hellmouth_1, minmay_fire_ice_demons, minmay_shop_star
Depths:2: kennysheep_oblong_rooms, layout_cave_pools, hell_entry,
          roderic_serpentine_path, rand_demon_pan_entry_3
Depths:3: hangedman_slaughterboxes, hell_entry, abyss_entry
Depths:4: evilmike_zot_entry_castle, layout_gridlike, hangedman_decor_opposing,
          hangedman_coc_ice_floe, nicolae_abyss_entry_one_way_or_another,
          uniq_xtahua
Zot:1:    layout_gridville
Zot:2:    layout_cathedral_of_symmetry
Zot:3:    lemuel_draconian_sentries_small, layout_misc_corridors
Zot:4:    layout_cathedral_of_symmetry

Skill      XL: |  1  2  3  4  5  6  7  8  9 10 11 12 13 14 15 16 17 18 19 20 21 22 23 24 25 26 27 |
---------------+----------------------------------------------------------------------------------+-----
Transmutations | 1 2 3 |  3.0
Earth Magic    | 4 5 6 7 8 9 10 11 12 13 14 15 16 17 18 19 21 22 23 | 23.0
Spellcasting   | 3 4 5 6 8 9 11 12 13 14 15 16 17 19 20 21 22 24 | 24.0
Conjurations   | 1 3 5 8 9 10 11 12 13 14 15 16 | 16.5
Fighting       | 1 2 3 4 6 7 9 11 12 13 14 15 16 18 19 20 21 | 21.0
Armour         | 3 5 7 9 10 11 12 14 15 16 | 16.8
Long Blades    | 1 3 |  3.0
Shields        | 3 6 8 10 11 12 14 15 16 | 16.8
Ice Magic      | 2 3 |  3.0
Fire Magic     | 2 3 5 6 9 11 12 13 15 | 15.6
Necromancy     | 1 4 6 7 |  7.6
Stealth        | 3 |  3.0
Dodging        | |  1.5

Action                   |  1- 3 |  4- 6 |  7- 9 | 10-12 | 13-15 | 16-18 | 19-21 | 22-24 | 25-27 || total
-------------------------+-------+-------+-------+-------+-------+-------+-------+-------+-------++-------
Melee: Unarmed           |    14 |     5 |       |       |       |       |       |       |       ||    19
       Spear             |   102 |     4 |       |     7 |       |       |   137 |   200 |   190 ||   640
       Punch             |     1 |       |       |       |       |       |       |       |       ||     1
       Scythe            |       |   134 |    70 |       |       |       |       |       |       ||   204
       Dire flail        |       |       |    26 |    56 |       |       |       |       |       ||    82
       Falchion          |       |       |       |     2 |   142 |   179 |       |       |       ||   323
       Staff             |       |       |       |       |       |       |    27 |       |       ||    27
 Cast: Sandblast         |    13 |    27 |    20 |    42 |    26 |    74 |     6 |     1 |       ||   209
       Stone Arrow       |       |     1 |    88 |   273 |   359 |   121 |     2 |       |     1 ||   845
       Static Discharge  |       |       |       |     4 |     1 |       |       |       |       ||     5
       Passwall          |       |       |       |     3 |       |    15 |     1 |     5 |     5 ||    29
       Freezing Cloud    |       |       |       |     6 |   164 |   146 |   105 |    46 |    31 ||   498
       Mephitic Cloud    |       |       |       |     1 |    36 |    16 |     8 |     3 |       ||    64
       Iron Shot         |       |       |       |       |    33 |   215 |   275 |   309 |   221 ||  1053
       Borgnjor's Vile C |       |       |       |       |       |   229 |   295 |   269 |   223 ||  1016
       Starburst         |       |       |       |       |       |    21 |     1 |     9 |       ||    31
       Swiftness         |       |       |       |       |       |       |     1 |       |     2 ||     3
       Lehudib's Crystal |       |       |       |       |       |       |    25 |   118 |    97 ||   240
       Ignition          |       |       |       |       |       |       |       |    12 |    62 ||    74
       Shatter           |       |       |       |       |       |       |       |       |    24 ||    24
       Fire Storm        |       |       |       |       |       |       |       |       |     5 ||     5
Evoke: Wand              |       |       |       |     5 |     1 |       |       |       |     2 ||     8
  Use: Scroll            |       |       |     5 |     7 |     5 |    14 |     6 |    11 |     3 ||    51
       Potion            |       |       |       |     4 |       |     2 |     1 |     4 |     3 ||    14
 Stab: Sleeping          |     5 |     7 |     3 |       |       |     1 |       |       |     2 ||    18
       Distracted        |       |       |     1 |       |       |       |       |       |       ||     1
       Confused          |       |       |       |       |    12 |     3 |     1 |       |       ||    16
Armor: Robe              |    46 |    34 |       |       |       |       |       |       |       ||    80
       Leather armour    |       |    98 |    89 |     2 |       |       |       |       |       ||   189
       Skin              |       |    22 |       |       |       |       |       |       |       ||    22
       Steam dragon scal |       |       |       |    43 |       |       |       |       |       ||    43
       Acid dragon scale |       |       |       |    50 |    13 |   282 |    77 |       |       ||   422
       Ring mail         |       |       |       |       |   100 |    54 |       |    93 |   255 ||   502
       Scale mail        |       |       |       |       |       |     6 |       |       |       ||     6
       Ice dragon scales |       |       |       |       |       |    29 |       |       |       ||    29
       Fire dragon scale |       |       |       |       |       |       |   206 |   148 |       ||   354
Dodge: Dodged            |    67 |   153 |    96 |    95 |   130 |   226 |   116 |   102 |   120 ||  1105
Block: Buckler           |       |       |       |     5 |    76 |   122 |       |       |       ||   203
       Kite shield       |       |       |       |       |       |   169 |   239 |   217 |   221 ||   846
